AoeStats
← CLB_Senafok

Oasis

509409021Analyzed
2v2 RM · 7d ago on Sep 26, 2026· 44m 36s· 4 players
Game mode
Random Map
Map size
Medium (4 player)
Population
200
Speed
Normal
Resources
Standard
Victory
Conquest
Starting age
Dark Age
Ending age
Imperial Age
RankedLock teamsTeams togetherTeam positionsShared explorationLock speedFull tech treeHidden civsTurbo modeCheats
Victory
Defeat
🇸🇰 Khmer · Slovakia
1353
+16
🇸🇰 Cumans · Slovakia
1350
+15
🇨🇴 Khitans · Colombia
1358
-16
🇨🇴 Magyars · Colombia
1330
-15
CesarDrummer
4:11 Loom
11:05 Feudal Age
17:27 Castle Age
16:14 Scale Mail Armor
16:23 Double-Bit Axe
16:38 Horse Collar
19:06 Pikeman
22:38 Wheelbarrow
23:35 Chain Mail Armor
23:17 Arson
23:44 Town Watch
25:50 Hand Cart
25:29 Gold Mining
29:08 Gold Shaft Mining
31:44 Imperial Age
30:24 Stone Mining
31:09 Bow Saw
31:48 Scale Barding Armor
32:01 Bloodlines
31:58 Husbandry
31:53 Cavalier
33:40 Chain Barding Armor
34:36 Heavy Plow
37:16 Plate Barding Armor
36:40 Fletching
36:33 Light Cavalry
39:48 Bodkin Arrow
40:08 Murder Holes
40:43 Halberdier
41:55 Conscription
CLB_Senafok
4:55 Loom
11:01 Feudal Age
11:51 Double-Bit Axe
14:34 Forging
15:56 Domestication
17:16 Scale Barding Armor
19:10 Town Watch
22:07 Castle Age
21:47 Gold Mining
23:11 Husbandry
24:25 Chain Barding Armor
24:44 Iron Casting
27:06 Wheelbarrow
30:24 Chain Barding Armor
30:51 Hand Cart
31:22 Town Patrol
31:48 Stone Mining
35:30 Pastoralism
36:37 Fletching
38:52 Stone Shaft Mining
43:02 Imperial Age
41:42 Bodkin Arrow
43:22 Heavy Camel Rider
andreolo
5:41 Loom
11:18 Feudal Age
17:47 Castle Age
18:45 Double-Bit Axe
22:29 Scale Barding Armor
22:51 Bow Saw
25:42 Bloodlines
26:02 Horse Collar
27:17 Wheelbarrow
26:48 Stone Mining
34:00 Heavy Plow
37:43 Imperial Age
35:58 Hand Cart
36:41 Forging
36:53 Chain Barding Armor
38:04 Iron Casting
38:31 Steppe Husbandry
38:52 Conscription
39:07 Gold Mining
38:48 Elite Steppe Lancer
40:26 Plate Barding Armor
43:06 Blast Furnace
41:59 Cavalier
Ludoolo
10:25 Feudal Age
14:09 Castle Age
14:09 Double-Bit Axe
16:15 Bow Saw
18:49 Horse Collar
19:55 Heavy Plow
21:50 Gold Mining
22:01 Loom
25:24 Scale Barding Armor
26:10 Forging
26:25 Bloodlines
26:16 Husbandry
29:44 Tusk Swords
30:45 Chain Barding Armor
31:00 Iron Casting
36:25 Imperial Age
34:33 Wheelbarrow
33:46 Town Watch
36:44 Hand Cart
36:29 Town Patrol
36:52 Elite Battle Elephant
38:10 Plate Barding Armor
41:46 Blast Furnace
Connection lost

Rejoining the realm…

Still unreachable

The connection could not be restored.

Session expired

The server has moved on; the page needs a fresh start.